 Dungeon Crawl Stone Soup version 0.24-a0-528-g98e85ec62a (webtiles) character file.

Game seed: 667749416851821683

937 Gynju the Insei (level 8, -7/50 HPs)
             Began as an Octopode Transmuter on Aug 5, 2019.
             Was an Initiate of Fedhas.
             Mangled by a hog (11 damage)
             ... on level 7 of the Dungeon.
             The game lasted 00:24:05 (8863 turns).

Gynju the Insei (Octopode Transmuter)               Turns: 8863, Time: 00:24:06

Health: -7/50      AC:  2    Str: 10    XL:     8   Next: 12%
Magic:  14/15      EV: 20    Int: 17    God:    Fedhas [......]
Gold:   347        SH:  0    Dex: 17    Spells: 4/17 levels left

rFire    + . .     SeeInvis .     - Unarmed
rCold    x . .     Gourm    .   (shield currently unavailable)
rNeg     . . .     Faith    .   (helmet currently unavailable)
rPois    x         Spirit   .   (no amulet)
rElec    .         Reflect  .   t - ring of fire
rCorr    .         Harm     .   u - ring of flight
MR       .....                  B - ring of wizardry
Stlth    ++........             y - +3 ring of slaying
HPRegen  0.16/turn              (no ring)
MPRegen  0.14/turn              (no ring)
                                (no ring)
                                (no ring)

@: spider-form (expiring)
A: tiny, almost no armour, stealthy swim, (amphibious), 8 rings, (constrict 8)
a: End Transformation, Fungal Bloom, Renounce Religion, Evoke Flight


You were on level 7 of the Dungeon.
You worshipped Fedhas.
Fedhas was noncommittal.
You were hungry.
You were a venomous arachnid creature.
You visited 2 branches of the dungeon, and saw 8 of its levels.

You collected 347 gold pieces.

Inventory:

Hand Weapons
 a - a +0 hunting sling
Missiles
 e - 68 arrows
 k - a throwing net (quivered)
 m - 128 stones
 r - 50 sling bullets
Jewellery
 t - a ring of fire (left front leg)
 u - a ring of flight (right front leg)
 y - a +3 ring of slaying (on tentacle)
 B - a ring of wizardry (on tentacle)
 C - a cursed ring of protection from fire {unknown}
Wands
 v - a wand of flame (26)
 x - a wand of polymorph (6)
 D - a wand of disintegration (11)
Scrolls
 b - 6 scrolls of remove curse {unknown}
 d - 6 scrolls of teleportation {unknown}
 f - 2 scrolls of magic mapping {unknown}
 g - 2 scrolls of identify
 j - a scroll of immolation {unknown}
 w - a scroll of fear {unknown}
 z - a scroll of enchant armour {unknown}
Potions
 h - 7 potions of curing
 i - 3 potions of degeneration
 l - 2 potions of haste
 n - 2 potions of magic
 o - a potion of invisibility
 p - 3 potions of lignification
 q - a potion of mutation
 s - 3 potions of heal wounds {unknown}
 A - a potion of agility {unknown}
Comestibles
 c - 10 rations


   Skills:
 + Level 2.1 Fighting
 + Level 2.7 Dodging
 + Level 5.4 Unarmed Combat
 - Level 5.0 Spellcasting
 * Level 5.3 Transmutations


You had 4 spell levels left.
You knew the following spells:

 Your Spells              Type           Power        Failure   Level  Hunger
a - Beastly Appendage     Tmut           ###...       2%          1    None
b - Spider Form           Tmut/Pois      ##........   13%         3    ###....
c - Ice Form              Ice/Tmut       ##......     32%         4    ####...
d - Blade Hands           Tmut           ###.......   32%         5    ######.

Your spell library contained the following spells:

 Spells                   Type           Power        Failure   Level  Hunger
 Sticks to Snakes         Tmut           ###.....     3%          2    #......
 Shock                    Conj/Air       #...         13%         1    None
 Swiftness                Chrm/Air       #.......     19%         2    #......
 Static Discharge         Conj/Air       #.......     30%         3    ###....
 Airstrike                Air            #.........   63%         4    ####...
 Lightning Bolt           Conj/Air       #.........   89%         5    ######.


Dungeon Overview and Level Annotations

Branches:
Dungeon (7/15)             Temple (1/1) D:6

Altars:
Ashenzari
Cheibriados
Dithmenos
Elyvilon
Fedhas
Gozag
Hepliaklqana
Kikubaaqudgha
Makhleb
Nemelex Xobeh
Okawaru
Qazlal
Ru
Sif Muna
Trog
Uskayaw
Vehumet
Wu Jian
Xom
Yredelemnul
Zin
The Shining One

Shops:
D:6 :

Annotations:
D:5 3 runed translucent doors, hemabe's ghost, novice HuAr


Innate Abilities, Weirdness & Mutations

You cannot wear most types of armour.
You are very stealthy in the water. (Stealth+)
((You are amphibious.))
You can wear up to eight rings at the same time.
((You can use your tentacles to constrict eight enemies at once.))
((Your skin changes colour to match your surroundings (Stealth+).))
((Your rubbery body absorbs attacks. (AC +1, EV +1)))


Message History

The hog squeals angrily. x2
The hog bites you.
The hog squeals angrily.
You hit the hog.
The hog is poisoned.
The hog is lightly wounded.
The human closely misses you. The hog closely misses you.
The hog barely misses you.
There is an open door here.
You bite the human!
The human is poisoned.
The human is moderately wounded.
The hog bites you! The human completely misses you. The hog bites you.
The hog misses you.
The hog misses you. x2; The hog bites you!
Your transformation is almost over.
The hog misses you. The hog bites you!
* * * LOW HITPOINT WARNING * * *
The hog bites you!
You die...
Fedhas appreciates your contribution to the ecosystem.

............ ......#
........... ......#
....>.....# #.....###
..........#####........
............[..........
.......................
.......................
.................####
................s#############
................hhh....#.....#
..................h.p..#.....#
.......................###'###
.......##..............#....%#
.......##..............'...%%#
.......##.......######.#######
.......##.......# ### #######
#.......#


You could see 4 hogs and a human.

Vanquished Creatures
  Sigmund (D:3)
  An orc warrior (D:6)
  An ogre (D:4)
  2 bullfrogs (D:6)
  A scorpion (D:4)
  A howler monkey (D:6)
  A bullfrog skeleton (D:6)
  Crazy Yiuf (D:4)
  A centaur skeleton (D:4)
  An iguana (D:6)
  2 worker ants
  A hound zombie (D:5)
  Robin (D:4)
  4 gnolls
  4 adders
  A shadow imp (D:6)
  2 oozes
  An adder skeleton (D:7)
  3 worms
  A dart slug (D:2)
  3 leopard geckos
  9 orcs
  5 bats
  5 giant cockroaches
  12 goblins
  8 hobgoblins
  16 jackals
  5 kobolds
  4 frilled lizards
  A jackal skeleton (D:6)
  A quokka skeleton (D:4)
  4 rats
104 creatures vanquished.

Notes
Turn   | Place    | Note
-------+----------+-------------------------------------------
     0 | D:1      | Gynju the Octopode Transmuter began the quest for the Orb.
     0 | D:1      | Reached XP level 1. HP: 13/13 MP: 3/3
   136 | D:1      | Reached XP level 2. HP: 18/18 MP: 3/5
   815 | D:2      | Reached XP level 3. HP: 19/23 MP: 4/6
  1383 | D:1      | HP: 1/23 [gnoll/+0 whip (6)]
  1674 | D:1      | Reached XP level 4. HP: 25/28 MP: 6/8
  1715 | D:2      | Learned a level 3 spell: Spider Form
  2921 | D:2      | Found a blossoming altar of Fedhas.
  3442 | D:3      | Reached XP level 5. HP: 17/33 MP: 9/9
  4092 | D:3      | Noticed Sigmund
  4103 | D:3      | Killed Sigmund
  4103 | D:3      | Reached XP level 6. HP: 22/38 MP: 9/11
  4857 | D:4      | Noticed Robin
  5109 | D:4      | Killed Robin
  5249 | D:4      | Found a runed translucent door.
  5250 | D:4      | Noticed Crazy Yiuf
  5637 | D:4      | Reached skill level 5 in Unarmed Combat
  5637 | D:4      | Reached XP level 7. HP: 43/43 MP: 10/13
  6011 | D:4      | Learned a level 4 spell: Ice Form
  6323 | D:4      | Killed Crazy Yiuf
  6397 | D:5      | Entered Level 5 of the Dungeon
  6721 | D:5      | Learned a level 5 spell: Blade Hands
  6865 | D:5      | Found a hazy altar of Hepliaklqana.
  6907 | D:5      | Found a runed translucent gate.
  6907 | D:5      | Found a runed translucent gate.
  6907 | D:5      | Found a runed translucent gate.
  7198 | D:5      | Noticed hemabe's ghost (novice HuAr)
  7329 | D:6      | Noticed a rust devil
  7378 | D:6      | Reached skill level 5 in Transmutations
  7740 | D:6      | Found Vopoq's Book Boutique.
  7817 | D:6      | Found a staircase to the Ecumenical Temple.
  7830 | Temple   | Entered the Ecumenical Temple
  8291 | Temple   | Became a worshipper of Fedhas Madash
  8332 | D:6      | Reached skill level 5 in Spellcasting
  8332 | D:6      | Reached XP level 8. HP: 36/50 MP: 12/15
  8562 | D:6      | Noticed an angel
  8863 | D:7      | Mangled by a hog

Levels and vault maps discovered:
D:1:      minmay_arrival_semitransparent, layout_loops_ring
D:2:      layout_basic, fedhas_altar_3
D:3:      layout_basic, uniq_sigmund
D:4:      layout_loops_ring, first_ration, minmay_crossroads,
          uniq_crazy_yiuf_cottage, uniq_robin
D:5:      layout_basic, lemuel_doored_altar, gammafunk_ghost_icy,
          kennysheep_generic_room_2
D:6:      layout_gridville, temple_garden, serial_shops, shop
D:7:      layout_basic, grunt_livestock
Temple:   compressed_dpeg_triangle_lava_temple

Skill      XL: |  1  2  3  4  5  6  7 |
---------------+----------------------+-----
Transmutations | 3 4 5 |  5.3
Spellcasting   | 3 4 5 |  5.0
Unarmed Combat | 4 5 |  5.4
Fighting       | 2 |  2.1
Dodging        | |  2.7

Action                   |  1- 3 |  4- 6 |  7- 9 || total
-------------------------+-------+-------+-------++-------
Melee: Unarmed           |    51 |   102 |    86 ||   239
       Kick              |    17 |    15 |     2 ||    34
       Constrict         |    17 |    28 |     5 ||    50
       Tentacles         |     9 |     9 |     2 ||    20
       Punch             |     1 |     3 |       ||     4
       Great sword       |       |    10 |       ||    10
 Fire: Hunting sling     |       |    42 |    29 ||    71
Throw: Throwing net      |       |     1 |       ||     1
 Cast: Beastly Appendage |    16 |    20 |     9 ||    45
       Spider Form       |       |     2 |    13 ||    15
  Use: Scroll            |       |       |     6 ||     6
 Stab: Sleeping          |     6 |     3 |       ||     9
  Eat: Chunk             |     1 |    14 |     7 ||    22
       Ration            |       |       |     1 ||     1
Armor: Skin              |    10 |     8 |     3 ||    21
Dodge: Dodged            |    42 |    82 |    83 ||   207

Table legend:
 A = Non-vault XP
 B = Vault XP
 C = Vault XP percentage of total XP
 D = Non-vault monster count
 E = Vault monster count
 F = Vault count percentage of total count
                 A         B        C        D         E       F
            +---------+---------+-------+---------+---------+-------
      Total |    1022 |     317 |  23.7 |      90 |      14 |  13.5
            +---------+---------+-------+---------+---------+-------
        D:1 |      62 |       0 |   0.0 |      18 |       0 |   0.0
        D:2 |      89 |       0 |   0.0 |      25 |       0 |   0.0
        D:3 |      38 |     236 |  86.1 |      13 |       8 |  38.1
        D:4 |     275 |      61 |  18.2 |      14 |       5 |  26.3
        D:5 |      51 |      20 |  28.2 |       8 |       1 |  11.1
        D:6 |     502 |       0 |   0.0 |      11 |       0 |   0.0
        D:7 |       5 |       0 |   0.0 |       1 |       0 |   0.0
            +---------+---------+-------+---------+---------+-------
